 Dungeon Crawl Stone Soup version 0.21.1-1-g345015fe64 (webtiles) character file.

152 Minato the Slasher (level 5, -7/45 HPs)
             Began as a Minotaur Gladiator on Feb 11, 2018.
             Killed by divine providence
             ... invoked by an orc priest
              (15 damage)
             ... on level 3 of the Dungeon.
             The game lasted 00:07:33 (2959 turns).

Minato the Slasher (Minotaur Gladiator)             Turns: 2959, Time: 00:07:34

Health: -7/45      AC:  3    Str: 18    XL:     5   Next: 11%
Magic:  4/4        EV: 13    Int:  5    God:
Gold:   186        SH:  0    Dex: 13    Spells: 4/4 levels left

rFire    . . .     SeeInvis .   a - +0 long sword
rCold    . . .     Gourm    .   (no shield)
rNeg     . . .     Faith    .   s - +0 leather armour
rPois    .         Spirit   .   c - +0 hat
rElec    .         Reflect  .   (no cloak)
rCorr    .         Harm     .   (no gloves)
MR       .....                  (no boots)
Stlth    +.........             (no amulet)
HPRegen  0.15/turn              (no ring)
MPRegen  0.09/turn              (no ring)

@: very slightly contaminated
A: retaliatory headbutt, horns 2
a: no special abilities


You were on level 3 of the Dungeon.
You were not hungry.

You visited 1 branch of the dungeon, and saw 4 of its levels.

You collected 186 gold pieces.

Inventory:

Hand Weapons
 a - a +0 long sword (weapon)
Missiles
 d - 3 throwing nets (quivered)
Armour
 c - a +0 hat (worn)
 s - a +0 leather armour (worn)
Wands
 r - a wand of disintegration (13)
Scrolls
 b - 2 scrolls of remove curse
 g - 2 scrolls of magic mapping
 h - 3 scrolls of enchant weapon
 j - a scroll of fear
 m - a scroll of immolation {unknown}
 p - a scroll of random uselessness {unknown}
 q - a scroll of teleportation {unknown}
 u - a scroll of fog {unknown}
Potions
 e - 2 potions of cancellation {unknown}
 i - 2 potions of lignification {unknown}
 l - 3 potions of heal wounds {unknown}
 n - a potion of berserk rage {unknown}
 o - 2 potions of agility {unknown}
Comestibles
 f - 10 rations


   Skills:
 * Level 3.6 Fighting
 + Level 5.2 Long Blades
 - Level 2.0 Throwing
 + Level 2.5 Armour
 + Level 4.0 Dodging


You had 4 spell levels left.
You didn't know any spells.

Dungeon Overview and Level Annotations

Branches:
Dungeon (4/15)
 Temple: D:4-7

Altars:
Makhleb
Xom


Innate Abilities, Weirdness & Mutations

You reflexively headbutt those who attack you in melee.
You have a pair of horns on your head.


Message History

The orc priest hits you with a short sword!
The ball python barely misses you.
You riposte.
You hit the ball python but do no damage.
The ball python constricts you.
You hit the orc priest but do no damage.
The orc priest is severely wounded.
The orc barely misses you.
The orc priest hits you with a short sword!
* * * LOW HITPOINT WARNING * * *
The ball python bites you but does no damage.
* * * LOW HITPOINT WARNING * * *
The ball python constricts you.
Blink to where?
Press: ? - help, Dir - move target cursor You escape the ball python's grasp.
You are very lightly contaminated with residual magic.
As you read the scroll of blinking, it crumbles to dust.
The orc priest invokes the aid of Beogh against you.
Beogh smites you!
You die...

#### #..........##.# ...#
#..........##.# ...#
#..........##.######### ...#
##....#.#####.#.......# ...#
####....#.#####.#.#####.###
.#.####..........................
.#....#.##....#.#####.#####.#.#.%
.)....#)##....#.#####.......#.#..
......#§So.o....@.........<....(.
......#.#.....##########.####(#..
......#.#.....# #....#.#..
......#.#.....# ####.#.#..
....#.#.#.##### #.#.#..
###...#.#.#### #.#.#..
####'####....# #.#.###
#≈≈≈.≈≈≈####.# #.#.# #≈##.##≈#
#.# #)#.###


You could see an orc priest and an orc.

Vanquished Creatures
  A hound (D:2)
  An orc priest (D:3)
  2 adders
  A worm (D:2)
  A dart slug (D:2)
  A leopard gecko (D:2)
  11 orcs (D:3)
  A giant cockroach (D:2)
  3 goblins
  7 hobgoblins
  4 jackals (D:2)
  6 kobolds
  A quokka (D:2)
  8 bats
  4 frilled lizards
  6 rats
58 creatures vanquished.

Notes
Turn   | Place    | Note
-------+----------+-------------------------------------------
     0 | D:1      | Minato the Minotaur Gladiator began the quest for the Orb.
     0 | D:1      | Reached XP level 1. HP: 18/18 MP: 0/0
   335 | D:1      | Reached skill level 4 in Long Blades
   335 | D:1      | Reached XP level 2. HP: 25/25 MP: 1/1
  1161 | D:2      | Reached XP level 3. HP: 31/31 MP: 2/2
  1294 | D:2      | Reached skill level 1 in Armour
  1657 | D:2      | Found a burning altar of Makhleb.
  1664 | D:2      | Reached XP level 4. HP: 21/38 MP: 3/3
  2379 | D:3      | Reached skill level 5 in Long Blades
  2513 | D:3      | Reached XP level 5. HP: 43/45 MP: 4/4
  2692 | D:3      | Found a shimmering altar of Xom.
  2959 | D:3      | Killed from afar by an orc priest

Skill      XL: |  1  2  3  4 |
---------------+-------------+-----
Long Blades    | 4 5 |  5.2
Fighting       | 3 |  3.6
Armour         | 2 |  2.5
Dodging        | 4 |  4.0
Throwing       | |  2.0

Action                   |  1- 3 |  4- 6 || total
-------------------------+-------+-------++-------
Melee: Long sword        |    52 |    54 ||   106
       Headbutt          |    13 |    11 ||    24
  Use: Scroll            |     2 |     4 ||     6
  Eat: Chunk             |     2 |     4 ||     6
Armor: Leather armour    |    17 |    15 ||    32
Dodge: Dodged            |    41 |    58 ||    99
       Rpst.: Long sword |    11 |     8 ||    19
